[Event "Betsys MČR v online bleskovém šachu 2021"]
[Site "Chess.com"]
[Date "2021.04.17"]
[Round "5"]
[White "MartinCerveny"]
[Black "Chessillusion213"]
[Result "1-0"]
[WhiteElo "2653"]
[BlackElo "2171"]
[TimeControl "180+1"]
[EndTime "9:47:21 PDT"]
[Termination "Uživatel MartinCerveny zvítězil po vzdání soupeře"]

1. d4 Nf6 2. Nf3 g6 3. g3 Bg7 4. Bg2 O-O 5. O-O d6 6. b4 a6 7. Bb2 Nc6 8. a3 a5 9. b5 Na7 10. a4 c6 11. c4 d5 12. bxc6 Nxc6 13. c5 b6 14. Ne5 Nb4 15. Nc3 Ba6 16. Re1 Nd7 17.
Nxd5 Nxd5 18. Bxd5 Nxe5 19. dxe5 Rc8 20. c6 Qc7 21. f4 Rfd8 22. Qb3 e6 23. Bf3 b5 24. axb5 Rb8 25. Ba3 Rxb5 26. Qe3 Bf8 27. Red1 Rbb8 28. Bxf8 Kxf8 29. Qc5+ Kg8 30. Rd6 Rb5 31. Qd4 Rbb8 32.
Rd1 Rdc8 33. Rd7 Qb6 34. Qxb6 Rxb6 35. c7 Rb2 36. Rd8+ Kg7 37. Rxc8 Bxc8 38. Rd8 1-0

[Event "Betsys MČR v online bleskovém šachu 2021"]
[Site "Chess.com"]
[Date "2021.04.17"]
[Round "5"]
[White "SanyH"]
[Black "PavelNo"]
[Result "1/2-1/2"]
[WhiteElo "1606"]
[BlackElo "1969"]
[TimeControl "180+1"]
[EndTime "9:47:22 PDT"]
[Termination "Remíza opakováním pozice"]

1. e4 c5 2. Nf3 e6 3. d4 cxd4 4. Nxd4 Nf6 5. Nc3 d6 6. Bd3 Nc6 7.
Be3 Be7 8. O-O O-O 9. h3 d5 10.
exd5 Nxd5 11. Nxd5 Qxd5 12. c3 e5 13. Nxc6 Qxc6 14.
Qc2 g6 15. Bh6 Re8 16. Qe2 a6 17. Qxe5 Bf8 18. Qg5 f6 19. Qh4 Bxh6 20. Qxh6 Be6 21. Bxg6 hxg6 22. Qxg6+ Kf8 23. Qxf6+ Bf7 24. Qh8+ Bg8 25. Qh5 Rad8 26. Qf5+ Bf7 27. Qf4 Qd6 28. Qh4 Qe5 29. Qb4+ Qe7 30. Qf4 Qe5 31. Qh6+ Qg7 32. Qf4 Qe5 33. Qh6+ Qg7 34. Qf4 Kg8 35. Rad1 Bd5 36. f3 Bc6 37. Qc4+ Qf7 38. Qg4+ Kf8 39. Rxd8 Rxd8 40. Re1 Re8 41. Qb4+ Kg8 42. Rd1 Qg7 43. Rd6 Bxf3 44. Qc4+ Kh8 45. Qh4+ Kg8 46. Qc4+ Kh8 47. Qh4+ Kg8 48. Qc4+ 1/2-1/2

[Event "Betsys MČR v online bleskovém šachu 2021"]
[Site "Chess.com"]
[Date "2021.04.17"]
[Round "5"]
[White "KajaOl"]
[Black "petr812"]
[Result "1/2-1/2"]
[WhiteElo "2343"]
[BlackElo "2124"]
[TimeControl "180+1"]
[EndTime "9:47:23 PDT"]
[Termination "Remíza opakováním pozice"]

1. e4 e6 2. d4 d5 3. Nd2 a6 4. Bd3 c5 5. c3 Nc6 6. Ngf3 Nf6 7. e5 Nd7 8. O-O Be7 9. Re1 O-O 10. Nf1 f6 11. exf6 Nxf6 12. Bf4 cxd4 13. cxd4 Bd6 14. Bg3 Bxg3 15. Nxg3 Bd7 16. Qd2 h6 17. Rac1 Rc8 18. Bb1 Ne7 19. Ne5 Nf5 20. Nxf5 exf5 21. Rc3 Rxc3 22.
Qxc3 Ne4 23. Bxe4 fxe4 24. Qe3 Be6 25. Rc1 Qb6 26. Rc2 Rc8 27. Rxc8+ Bxc8 28. Qc3 Bf5 29. b3 Kh7 30. h3 Qb5 31. Kh2 Qe2 32. Qg3 Qxa2 33. Qf4 Bg6 34. Nxg6 Kxg6 35. Qg4+ Kh7 36. Qf5+ Kh8 37. Qf8+ Kh7 38. Qf5+ Kh8 39. Qf8+ Kh7 40. Qf5+ 1/2-1/2

[Event "Betsys MČR v online bleskovém šachu 2021"]
[Site "Chess.com"]
[Date "2021.04.17"]
[Round "5"]
[White "Tretrik"]
[Black "Svandik49"]
[Result "1-0"]
[WhiteElo "2161"]
[BlackElo "2259"]
[TimeControl "180+1"]
[EndTime "9:47:23 PDT"]
[Termination "Uživatel Tretrik zvítězil matem"]

1. e4 c5 2. Nf3 e6 3. d4 cxd4 4. Nxd4 Nc6 5. Nc3 Qc7 6. Be3 a6 7. a3 Nf6 8. f4 d6 9. Qf3 Be7 10. Bd3 Rb8 11. g4 O-O 12. g5 Nd7 13. h4 Nxd4 14.
Bxd4 e5 15. Nd5 Qd8 16. Bc3 exf4 17. Qxf4 Ne5 18. O-O-O Be6 19. Be2 Bxd5 20. Rxd5 Qb6 21. h5 Rbc8 22. Bd4 Qc7 23. c3 Nc6 24. Be3 Rfe8 25. Bg4 Rcd8 26. g6 Rf8 27. h6 fxg6 28. Be6+ Kh8 29. hxg7+ Kxg7 30. Rxh7+ Kxh7 31. Qh6# 1-0

[Event "Betsys MČR v online bleskovém šachu 2021"]
[Site "Chess.com"]
[Date "2021.04.17"]
[Round "5"]
[White "JJ95"]
[Black "ffbp3q"]
[Result "1-0"]
[WhiteElo "2021"]
[BlackElo "2356"]
[TimeControl "180+1"]
[EndTime "9:47:23 PDT"]
[Termination "Uživatel JJ95 zvítězil po vzdání soupeře"]

1. e4 c5 2. c3 d6 3. d4 Nf6 4. Bd3 g6 5. Nf3 Bg7 6. O-O Bg4 7. h3 Bxf3 8. Qxf3 cxd4 9. cxd4 Nc6 10. Be3 O-O 11. Nc3 Nd7 12. Ne2 Rc8 13. a3 e5 14.
d5 Nd4 15. Nxd4 exd4 16. Bd2 Nc5 17. Rac1 Qb6 18. b4 Na4 19. Qg4 Nc3 20. h4 h5 21.
Qh3 a5 22. b5 a4 23. g4 hxg4 24. Qxg4 Qd8 25. Bg5 Qe8 26. h5 gxh5 27. Qxh5 f6 28. Qxe8 Rfxe8 29. Bf4 Nxe4 30. Rxc8 Rxc8 31. Bxe4 Rc3 32.
Bxd6 Kf7 33. Bb4 Rb3 34. d6 Rb2 35. d7 1-0

[Event "Betsys MČR v online bleskovém šachu 2021"]
[Site "Chess.com"]
[Date "2021.04.17"]
[Round "5"]
[White "povrlak60"]
[Black "KatkaZ"]
[Result "1-0"]
[WhiteElo "1625"]
[BlackElo "1859"]
[TimeControl "180+1"]
[EndTime "9:47:23 PDT"]
[Termination "Uživatel povrlak60 zvítězil na čas"]

1. e4 c5 2. Nc3 e6 3. g3 Nc6 4. Bg2 g6 5. d3 Bg7 6. Nge2 Nge7 7. Be3 b6 8. O-O O-O 9. f4 d6 10. Qd2 Bb7 11. g4 Nd4 12. Ng3 f5 13. h3 a6 14.
Rae1 Qc7 15. Nd1 Rae8 16. c3 Ndc6 17. gxf5 exf5 18. Nf2 fxe4 19. Nfxe4 Nf5 20. Nxf5 Rxf5 21. Ng3 Rff8 22. Bd5+ Kh8 23. Be4 Ne7 24. Bxb7 Qxb7 25. d4 c4 26. Rf2 Nd5 27. Rfe2 Nxe3 28. Rxe3 Qd7 29. Kh2 Rxe3 30. Qxe3 h5 31. Qe6 Qf7 32. Qxf7 Rxf7 33. Re8+ Kh7 34. Ne2 1-0

[Event "Betsys MČR v online bleskovém šachu 2021"]
[Site "Chess.com"]
[Date "2021.04.17"]
[Round "5"]
[White "VojtechPlat"]
[Black "karimaster100"]
[Result "1-0"]
[WhiteElo "2859"]
[BlackElo "2256"]
[TimeControl "180+1"]
[EndTime "9:47:24 PDT"]
[Termination "Uživatel VojtechPlat zvítězil na čas"]

1. d4 Nf6 2. Nf3 e6 3. e3 b6 4. Bd3 Bb7 5. Nbd2 c5 6. c3 Be7 7. O-O Nc6 8. Re1 cxd4 9. exd4 d5 10. Nf1 O-O 11. Ng3 a6 12. a4 Qc7 13. Bb1 b5 14.
Qd3 b4 15. h4 bxc3 16. bxc3 Rac8 17. Bg5 g6 18. h5 Qd7 19. hxg6 hxg6 20. Bh6 Rfe8 21.
Ng5 Bf8 22. Bxf8 Rxf8 23. Qf3 Kg7 24. Bd3 Ne7 25. Bf1 Rc7 26. Rab1 Nf5 27. Nxf5+ exf5 28. Qg3 Rfc8 29. Rb3 Ne4 30. Nxe4 dxe4 31. a5 Qe7 32. c4 Qf6 33. d5 Ba8 34. Rb6 Rxc4 35. Rxf6 1-0

[Event "Betsys MČR v online bleskovém šachu 2021"]
[Site "Chess.com"]
[Date "2021.04.17"]
[Round "5"]
[White "Daffac"]
[Black "Sunnika"]
[Result "0-1"]
[WhiteElo "2096"]
[BlackElo "2326"]
[TimeControl "180+1"]
[EndTime "9:47:24 PDT"]
[Termination "Uživatel Sunnika zvítězil po vzdání soupeře"]

1. d4 Nf6 2. Nf3 g6 3. g3 Bg7 4. Bg2 O-O 5. O-O d6 6. a4 Nc6 7.
d5 Nb4 8. Nc3 c6 9. e4 Bg4 10.
h3 Bxf3 11. Bxf3 a5 12. Re1 Rc8 13. dxc6 bxc6 14. Ne2 Nd7 15. c3 Ne5 16. Bg2 Nbd3 17. Rf1 Nxc1 18. Qxc1 Qb6 19. Nd4 Rb8 20. b3 Nd7 21.
Qd2 Bxd4 22. cxd4 Qb4 23. Rfd1 Qxd2 24. Rxd2 Rxb3 25. Rc2 c5 26. dxc5 Nxc5 27. e5 Rfb8 28. exd6 exd6 29. Bc6 Rb1+ 30. Rxb1 Rxb1+ 31. Kg2 Kf8 32.
Re2 Ne6 33. f4 Rb4 34. Bd5 Ke7 35. Bc6 Kf6 36. Bd7 d5 37. Rd2 d4 38. Kf3 Nc5 39. Bb5 Rb3+ 40. Kg4 h5+ 41. Kh4 d3 42. g4 hxg4 43.
hxg4 Rc3 44. g5+ Kf5 45. Kg3 Ke4 46. Kf2 Rc2 47. Ke1 Ke3 0-1

[Event "Betsys MČR v online bleskovém šachu 2021"]
[Site "Chess.com"]
[Date "2021.04.17"]
[Round "5"]
[White "MichalTrhal"]
[Black "FrantisekP"]
[Result "1-0"]
[WhiteElo "1926"]
[BlackElo "1626"]
[TimeControl "180+1"]
[EndTime "9:47:24 PDT"]
[Termination "Uživatel MichalTrhal zvítězil na čas"]

1. c4 c5 2. Nf3 Nc6 3. g3 g6 4. d4 Bg7 5. d5 Ne5 6. e4 d6 7. Nxe5 Bxe5 8. Nc3 Bg7 9. Bg5 h6 10.
Bf4 Nf6 11. Qd2 Bd7 12. Bg2 Nh5 13. Be3 a6 14. O-O b5 15. cxb5 axb5 16. a4 b4 17. Nb5 Qb6 18. f4 Bxb5 19. axb5 O-O 20. Qe2 Kh7 21. Ra6 Rxa6 22. bxa6 Ra8 23. Ra1 Nf6 24. e5 dxe5 25. fxe5 Nd7 26. e6 fxe6 27. dxe6 Qxe6 28. Bxa8 Qb3 29. Bc6 Ne5 30. a7 Nxc6 31. a8=Q Bxb2 32. Rb1 Nd4 33. Bxd4 Bxd4+ 34. Kh1 Qxb1+ 35. Kg2 Qg1+ 36.
Kh3 Bf6 37. Qaf3 1-0

[Event "Betsys MČR v online bleskovém šachu 2021"]
[Site "Chess.com"]
[Date "2021.04.17"]
[Round "5"]
[White "pepca"]
[Black "sipos88"]
[Result "1/2-1/2"]
[WhiteElo "1530"]
[BlackElo "1858"]
[TimeControl "180+1"]
[EndTime "9:47:24 PDT"]
[Termination "Remíza dohodou"]

1. e4 e5 2. Nf3 Nc6 3. d4 exd4 4. Nxd4 Nxd4 5. Qxd4 Qf6 6. e5 Qc6 7. Nc3 Bc5 8. Qf4 Ne7 9. Bc4 O-O 10. O-O Ng6 11.
Qg3 Bxf2+ 12. Qxf2 Qxc4 13. Bf4 Nxf4 14. Qxf4 Qxf4 15.
Rxf4 d6 16. exd6 cxd6 17. Rd1 Rd8 18. Rfd4 Bf5 19. Rxd6 Rxd6 20. Rxd6 Bxc2 21. Rd7 b6 22. Nb5 a5 23. Nd6 f6 24. Rb7 Rd8 25. Rxb6 g5 26.
Nb7 Rd2 27. Nxa5 f5 28. Rb8+ Kg7 29. b4 Be4 30. b5 Rxg2+ 31. Kf1 Rxa2 32. Nc6 Bxc6 33.
bxc6 Rc2 34. Rc8 Kg6 35. c7 Kh5 36. Ke1 Kg4 37. Kd1 Rc6 38. Ke2 f4 39. Kd3 Kf3 40.
Kd4 g4 41. Kd5 Rc1 42. Kd6 h5 43. Rh8 g3 44. hxg3 fxg3 45. Rxh5 g2 46. Rg5 Kf2 47. Rxg2+ Kxg2 48. Kd7 Rd1+ 49. Kc8 Kf3 50. Kb7 Rb1+ 51. Ka8 Ra1+ 52. Kb7 Rb1+ 53. Ka8 Ke4 1/2-1/2

[Event "Betsys MČR v online bleskovém šachu 2021"]
[Site "Chess.com"]
[Date "2021.04.17"]
[Round "5"]
[White "pedroholly22"]
[Black "MartinHollan"]
[Result "0-1"]
[WhiteElo "2395"]
[BlackElo "2593"]
[TimeControl "180+1"]
[EndTime "9:47:25 PDT"]
[Termination "Uživatel MartinHollan zvítězil po vzdání soupeře"]

1. Nf3 d5 2. d4 Nf6 3. c4 e6 4.
Nc3 dxc4 5. e3 a6 6. Bxc4 b5 7.
Bd3 Bb7 8. O-O Nbd7 9. b3 c5 10. Bb2 Bd6 11. Rc1 Qb8 12. h3 O-O 13. Be2 Rd8 14.
Qc2 cxd4 15. exd4 Bf4 16. Rb1 Rc8 17. Qd1 b4 18. Na4 Ne4 19. Qd3 a5 20. Qb5 Qc7 21. Qh5 Ndf6 22. Qh4 g5 23. Qh6 g4 24. Qh4 gxf3 25.
Rbc1 Bxc1 26. Rxc1 fxe2 27. Re1 Qc6 28. d5 Qxd5 29.
Rxe2 Qg5 30. Qxg5+ Nxg5 31. Bxf6 Ne4 32. Be5 f6 33.
Bf4 Bc6 34. Nb6 Kf7 35. Nxa8 Rxa8 36. Rc2 Nc3 37. Bd2 Be4 38. Rc1 Ne2+ 39. Kh2 Nxc1 40. Bxc1 Bb1 0-1

[Event "Betsys MČR v online bleskovém šachu 2021"]
[Site "Chess.com"]
[Date "2021.04.17"]
[Round "5"]
[White "Vitana"]
[Black "dino5517"]
[Result "1-0"]
[WhiteElo "1870"]
[BlackElo "1389"]
[TimeControl "180+1"]
[EndTime "9:47:26 PDT"]
[Termination "Uživatel Vitana zvítězil matem"]

1. e4 e5 2. Nc3 f5 3. exf5 d5 4. d4 e4 5. Be3 Nf6 6. Nge2 Bd7 7. Ng3 Bd6 8. Bg5 h6 9. Bxf6 Qxf6 10. Nxd5 Qg5 11.
Qh5+ Qxh5 12. Nxh5 Nc6 13. O-O-O O-O-O 14. Nxg7 Nb4 15. Nxb4 Bxb4 16. Ne6 Rde8 17. Bc4 b5 18. Bb3 a5 19. a3 Bd6 20. Rde1 b4 21. axb4 a4 22.
Ba2 Bxb4 23. c3 Bd6 24. Rxe4 a3 25. Rhe1 axb2+ 26. Kxb2 Kb7 27. Nc5+ Bxc5 28. Rxe8 Bxe8 29. dxc5 Bc6 30. f3 Rd8 31. Re2 Rf8 32. Re5 Ka6 33.
Bc4+ Kb7 34. Bd5 Bxd5 35. Rxd5 Kc6 36. Re5 Kd7 37. Kb3 c6 38. Kc4 Ra8 39. g4 Ra2 40. f6 Ra8 41. f4 Rf8 42. g5 hxg5 43. fxg5 Kc7 44. Re7+ Kd8 45. Ra7 Ke8 46. Ra8+ Kf7 47. Rxf8+ Kxf8 48. g6 Kg8 49. Kd4 Kh8 50. Ke5 Kg8 51.
Ke6 Kf8 52. g7+ Kg8 53. Ke7 Kh7 54. f7 Kxg7 55. f8=Q+ Kh7 56. Qf2 Kh6 57. Qg3 Kh5 58. Kf6 Kh6 59. Qh4# 1-0

[Event "Betsys MČR v online bleskovém šachu 2021"]
[Site "Chess.com"]
[Date "2021.04.17"]
[Round "5"]
[White "Millbo64"]
[Black "xnepom"]
[Result "0-1"]
[WhiteElo "1998"]
[BlackElo "2249"]
[TimeControl "180+1"]
[EndTime "9:47:27 PDT"]
[Termination "Uživatel xnepom zvítězil na čas"]

1. d4 d5 2. Bf4 c5 3. c3 Nc6 4.
e3 Qb6 5. Nd2 Qxb2 6. Ngf3 Bf5 7. dxc5 Nf6 8. Nd4 Bg6 9. Bb5 Rc8 10. O-O Nd7 11. Qc1 Qxc1 12. Rfxc1 e5 13. Nxc6 bxc6 14. Ba6 Rc7 15. Bg3 Bxc5 16. Nb3 Bb6 17. a4 f6 18. c4 dxc4 19. Rxc4 Nb8 20. a5 Bxe3 21. Bb5 Bh6 22. Rac1 O-O 23. R1c3 Rd8 24. h3 Rd1+ 25. Kh2 Rb1 26. Ba4 Kf8 27. Nc5 Ke7 28. h4 Bf7 29. Re4 Bd5 30. Re2 Rb4 31. Bc2 Bc1 32. Bxh7 Bb2 33. Rcc2 Bd4 34. Nd3 Bb3 0-1

[Event "Betsys MČR v online bleskovém šachu 2021"]
[Site "Chess.com"]
[Date "2021.04.17"]
[Round "5"]
[White "Lisak007"]
[Black "marecek1754"]
[Result "1-0"]
[WhiteElo "1841"]
[BlackElo "2170"]
[TimeControl "180+1"]
[EndTime "9:47:27 PDT"]
[Termination "Uživatel Lisak007 zvítězil po vzdání soupeře"]

1. e4 e5 2. Nc3 Nf6 3. Bc4 Nxe4 4. Qh5 Nd6 5. Bb3 Nc6 6. Nb5 g6 7. Qf3 f5 8. Qd5 Qf6 9. Nxc7+ Kd8 10. Nxa8 b6 11. Qf3 Bb7 12. d3 Nd4 13. Qg3 f4 14. Qh3 Bxa8 15. f3 N6f5 16. Bd2 Qc6 17. O-O-O Nxb3+ 18. axb3 Nd4 19. Bc3 Bd6 20. Bxd4 exd4 21. Ne2 Qc5 22.
Qh4+ g5 23. Qh6 Re8 24. Rhe1 a5 25. Qg7 a4 26. Qxd4 axb3 27. Qxc5 Bxc5 28. d4 bxc2 29. Kxc2 Be7 30. Kc3 d5 31. Nc1 Kd7 32. Nd3 Bc6 33.
Ne5+ Kc7 34. Kb3 Kb7 35. Nxc6 Kxc6 36. Rc1+ Kd7 37. Re5 Kd6 38. Kb4 Ra8 39. Kb5 Bf6 40. Rc6+ Kd7 41. Rxf6 1-0

[Event "Betsys MČR v online bleskovém šachu 2021"]
[Site "Chess.com"]
[Date "2021.04.17"]
[Round "5"]
[White "Bolavey_Kotnik"]
[Black "Rozmetal"]
[Result "0-1"]
[WhiteElo "2332"]
[BlackElo "2145"]
[TimeControl "180+1"]
[EndTime "9:47:28 PDT"]
[Termination "Uživatel Rozmetal zvítězil na čas"]

1. e4 c5 2. Nf3 d6 3. d4 cxd4 4. Nxd4 Nf6 5. Nc3 Nc6 6. Be2 e6 7. O-O Be7 8. Be3 O-O 9. f4 Qc7 10. Bf3 Nxd4 11. Bxd4 e5 12. Be3 exf4 13. Bxf4 Be6 14.
Qe1 Nd7 15. Kh1 Ne5 16. Rd1 a6 17. Qg3 Rfe8 18. Bh5 g6 19. Bxe5 dxe5 20. Bg4 Bc4 21. Rd7 Qc5 22. Rfd1 Rad8 23. h3 Rxd7 24. Rxd7 Rd8 25.
Rxb7 Bg5 26. Qf3 Rd2 27. b3 Rf2 28. Qd1 Rf1+ 29. Qxf1 Bxf1 30. Nd5 Qf2 31. Bf3 Be2 32. Bxe2 Qxe2 33. c4 Qxe4 0-1

[Event "Betsys MČR v online bleskovém šachu 2021"]
[Site "Chess.com"]
[Date "2021.04.17"]
[Round "5"]
[White "tiger196223"]
[Black "tryskomys"]
[Result "0-1"]
[WhiteElo "1832"]
[BlackElo "1524"]
[TimeControl "180+1"]
[EndTime "9:47:28 PDT"]
[Termination "Uživatel tryskomys zvítězil na čas"]

1. d4 d5 2. Nf3 Nc6 3. c3 Nf6 4. Bg5 Bg4 5. Nbd2 e6 6. e3 Bd6 7.
Bd3 h6 8. Bh4 Be7 9. Qc2 Qd7 10.
h3 Bxf3 11. Nxf3 Ng8 12. Bxe7 Ngxe7 13. Ne5 Nxe5 14. dxe5 c5 15. f4 Nc6 16. O-O O-O 17.
Bb5 a6 18. Bxc6 bxc6 19. Rad1 Rab8 20. b3 Rbd8 21. Rd2 Qe7 22. Rfd1 f6 23. exf6 Qxf6 24.
c4 d4 25. exd4 cxd4 26. g3 e5 27. Rf2 exf4 28. Rxf4 Qd6 29. Rdf1 Rxf4 30. Rxf4 d3 31. Qd2 Re8 32. c5 Qxc5+ 33. Kf1 Qd5 34. Qg2 d2 35. Qxd5+ cxd5 36. Rd4 Re1+ 37. Kf2 d1=Q 38. Rxd1 Rxd1 39. Ke2 Rh1 40. h4 Rh2+ 41. Kd3 Rxa2 42. Kd4 Ra3 0-1

[Event "Betsys MČR v online bleskovém šachu 2021"]
[Site "Chess.com"]
[Date "2021.04.17"]
[Round "5"]
[White "Bancroft"]
[Black "SamikGame"]
[Result "0-1"]
[WhiteElo "1926"]
[BlackElo "1665"]
[TimeControl "180+1"]
[EndTime "9:47:30 PDT"]
[Termination "Uživatel SamikGame zvítězil na čas"]

1. d4 d5 2. c4 e6 3. Nc3 Nf6 4.
cxd5 exd5 5. Bg5 Be7 6. Qc2 O-O 7. e3 h6 8. Bh4 Be6 9. Bd3 c5 10. Nge2 cxd4 11. Nxd4 Nc6 12. Nxe6 fxe6 13. O-O Rc8 14. Qb3 Na5 15. Qa4 Nc4 16. b3 Nb2 17. Qd4 e5 18.
Qxe5 Nxd3 19. Qd4 Nc5 20. Rad1 Nce4 21. Ne2 Bc5 22. Qe5 Qe8 23. Qf5 g6 24. Qh3 g5 25.
Bg3 h5 26. Qf5 h4 27. Be5 Nd7 28. Rxd5 Rxf5 29. Rfd1 Rxe5 30. R5d3 Ndf6 31. f4 gxf4 32. Nxf4 Rf5 0-1

[Event "Betsys MČR v online bleskovém šachu 2021"]
[Site "Chess.com"]
[Date "2021.04.17"]
[Round "5"]
[White "Tomasn2003"]
[Black "Kijonker"]
[Result "1-0"]
[WhiteElo "1136"]
[BlackElo "1462"]
[TimeControl "180+1"]
[EndTime "9:47:31 PDT"]
[Termination "Uživatel Tomasn2003 zvítězil matem"]

1. b3 b6 2. Bb2 Bb7 3. Nc3 Nf6 4. e3 e6 5. Nf3 Be7 6. Be2 O-O 7. O-O Nc6 8. d4 d5 9. Bb5 Nb4 10. Ba3 c6 11. Be2 c5 12. dxc5 bxc5 13. Bxb4 cxb4 14. Nb5 a6 15. Nbd4 Rc8 16. Ne5 Bd6 17. f4 Ne4 18.
Bd3 Bxe5 19. fxe5 a5 20. Bxe4 dxe4 21. Rc1 Rc3 22. Re1 Qb6 23. Qg4 Ba6 24. Kf2 Rfc8 25. Qd1 Qc5 26. Qd2 Qxe5 27. g3 Qf6+ 28. Kg2 e5 29.
Rf1 Qb6 30. Qf2 Qa7 31. Ne2 Qxe3 32. Qxf7+ Kh8 33. Qf8+ Rxf8 34. Rxf8# 1-0

[Event "Betsys MČR v online bleskovém šachu 2021"]
[Site "Chess.com"]
[Date "2021.04.17"]
[Round "5"]
[White "Drak1961"]
[Black "Petroniuss"]
[Result "0-1"]
[WhiteElo "2082"]
[BlackElo "2311"]
[TimeControl "180+1"]
[EndTime "9:47:32 PDT"]
[Termination "Uživatel Petroniuss zvítězil na čas"]

1. d4 d5 2. Nf3 Nf6 3. g3 c5 4. Bg2 Nc6 5. O-O e6 6. c4 dxc4 7. Qa4 a6 8. dxc5 Bxc5 9. Qxc4 Qe7 10. Bg5 O-O 11. Bxf6 gxf6 12. Nc3 b5 13. Qg4+ Kh8 14.
Qh5 Bb7 15. Ne4 Bb6 16. Rfd1 Rad8 17. Qh6 Rxd1+ 18. Rxd1 Rg8 19. Nh4 Bd4 20. e3 Bxb2 21.
Nd6 Ba8 22. Qh5 Ne5 23. Bxa8 Rxa8 24. Ndf5 exf5 25. Nxf5 Qf8 26. Rd2 Bc3 27. Rc2 b4 28. Qh4 Ng6 29. Qg4 Rd8 30. h4 Ne5 31. Qf4 Nd3 32. Qg4 Ne1 33. Rc1 Nd3 0-1

[Event "Betsys MČR v online bleskovém šachu 2021"]
[Site "Chess.com"]
[Date "2021.04.17"]
[Round "5"]
[White "ikovacs"]
[Black "sharpi5135"]
[Result "1-0"]
[WhiteElo "1049"]
[BlackElo "773"]
[TimeControl "180+1"]
[EndTime "9:47:32 PDT"]
[Termination "Uživatel ikovacs zvítězil na čas"]

1. d4 d5 2. e3 c6 3. Nf3 e6 4.
c4 Be7 5. c5 b6 6. b4 bxc5 7. bxc5 Nf6 8. Ne5 O-O 9. Bd3 Nbd7 10. Nxd7 Bxd7 11. O-O Kh8 12. Nd2 g6 13. Nf3 Ne4 14.
Bxe4 dxe4 15. Ne5 Be8 16. Qg4 Bf6 17. Qxe4 Qd5 18. Qxd5 exd5 19. Bb2 Bg7 20. Rab1 f6 21. Ng4 Bd7 22. h3 Bxg4 23. hxg4 Rae8 24. Rbe1 f5 25. g5 f4 26. exf4 Re4 27. Rxe4 dxe4 28. Re1 Re8 29.
f3 e3 30. g3 e2 31. Kf2 a5 32. Rxe2 Rxe2+ 33. Kxe2 a4 34. Ke3 Kg8 35. Ke4 Kf7 36. g4 Ke7 37. f5 Kf7 38. fxg6+ Ke7 39. f4 Kf8 40. f5 1-0

[Event "Betsys MČR v online bleskovém šachu 2021"]
[Site "Chess.com"]
[Date "2021.04.17"]
[Round "5"]
[White "malviny"]
[Black "doktorovak"]
[Result "0-1"]
[WhiteElo "1168"]
[BlackElo "1670"]
[TimeControl "180+1"]
[EndTime "9:47:33 PDT"]
[Termination "Uživatel doktorovak zvítězil po vzdání soupeře"]

1. e4 c5 2. Nf3 Nc6 3. d4 cxd4 4. Nxd4 e6 5. Nxc6 bxc6 6. Nc3 Ne7 7. e5 Ng6 8. Bd3 Nxe5 9. O-O Ng6 10. Bxg6 hxg6 11. h3 d5 12. Bf4 Bd6 13. Bxd6 Qxd6 14. Qf3 O-O 15. b3 Ba6 16. Rfe1 c5 17. Na4 Bb5 18. Nc3 Bc6 19. Qg4 e5 20. Qg5 e4 21. Rad1 Rad8 22.
Nxe4 Qc7 23. Nxc5 d4 24. Rd2 Rd5 25. Re7 Qd6 26. Ne4 Qb4 27. Qf4 Rf5 28. Qg3 Bxe4 29. Rxe4 Qxd2 30. Re7 Qxc2 31. Rxa7 d3 32. Rd7 d2 33.
Qd3 d1=Q+ 34. Qxd1 Qxf2+ 35. Kh1 Qxa2 36. Rd2 Qa6 37. b4 Rf1+ 38. Kh2 Rxd1 39. Rxd1 Qc4 40. Rb1 Rb8 41. Re1 Qf4+ 42. Kg1 Rxb4 43. Re8+ Kh7 44. Re1 Rb2 45. Kh1 Qg3 46. Rg1 f5 0-1

[Event "Betsys MČR v online bleskovém šachu 2021"]
[Site "Chess.com"]
[Date "2021.04.17"]
[Round "5"]
[White "Nimrod64"]
[Black "tomasPardubice"]
[Result "1/2-1/2"]
[WhiteElo "2273"]
[BlackElo "2082"]
[TimeControl "180+1"]
[EndTime "9:47:34 PDT"]
[Termination "Remíza opakováním pozice"]

1. d4 Nf6 2. Nf3 e6 3. g3 b6 4. Bg2 Be7 5. O-O O-O 6. Ne5 d5 7. c4 c6 8. Nc3 Bb7 9. Qa4 a6 10. Bf4 b5 11. cxb5 cxb5 12. Qb3 Nbd7 13. Rfc1 Nxe5 14.
Bxe5 Rc8 15. a4 b4 16. Bxf6 gxf6 17. Na2 a5 18. Qd3 Qd7 19. b3 Rxc1+ 20. Rxc1 Rc8 21. Qd2 Rc7 22. e3 f5 23. Bf1 Qc8 24. Rxc7 Qxc7 25. Bb5 Bd6 26. Kf1 Bc8 27. Ke2 f6 28. Kd1 Qg7 29.
Be2 Qc7 30. Nc1 Bb7 31. Bb5 e5 32. Bd3 Bc8 33. Ne2 Be6 34. Qb2 Kf7 35. Qb1 Qc8 36. Bb5 Ke7 37. Qd3 Qc7 38. h4 h6 39. Qd2 e4 40. Nc1 Kf7 41. Be2 Kg7 42. Bh5 Bd7 43.
Ne2 Be6 44. Qc2 Qxc2+ 45. Kxc2 Kf8 46. Kd2 Ke7 47. Nc1 Kd8 48. Bg6 Ke7 49. Ke2 Kf8 50. Ke1 Kg7 51. Bh5 Kf8 52. Bg6 Kg7 53. Bh5 Kf8 54.
Bg6 1/2-1/2

[Event "Betsys MČR v online bleskovém šachu 2021"]
[Site "Chess.com"]
[Date "2021.04.17"]
[Round "5"]
[White "YawningBagel"]
[Black "Bohous13"]
[Result "1/2-1/2"]
[WhiteElo "1952"]
[BlackElo "2213"]
[TimeControl "180+1"]
[EndTime "9:47:34 PDT"]
[Termination "Remíza dohodou"]

1. d4 e6 2. c4 d5 3. Nc3 c5 4. cxd5 exd5 5. Nf3 Nc6 6. Bg5 Be7 7. Bxe7 Ngxe7 8.
g3 O-O 9. Bg2 cxd4 10. Nxd4 Qb6 11. Nxc6 bxc6 12. Qd2 Rb8 13. b3 Re8 14. O-O Ng6 15. e4 dxe4 16. Nxe4 Ba6 17. Rfe1 Red8 18. Qc3 h6 19. Rac1 Rbc8 20. Qc5 Bd3 21. Nd2 Bb5 22. Ne4 Bd3 23. Nd2 Bb5 24. Ne4 Ba6 25.
Qxb6 axb6 26. Red1 Bd3 27. Nc3 Nf8 28. Rd2 Bg6 29. Rxd8 Rxd8 30. Bxc6 Rd2 31. Be4 Ne6 32. Bxg6 fxg6 33. a4 Nd4 34. b4 Rd3 35. Kg2 Rd2 36. a5 bxa5 37. bxa5 Nb3 38. Rd1 Rxd1 39. Nxd1 Nxa5 40. Nc3 Nc6 1/2-1/2

[Event "Betsys MČR v online bleskovém šachu 2021"]
[Site "Chess.com"]
[Date "2021.04.17"]
[Round "5"]
[White "DiscoSTU666"]
[Black "Adam20032007"]
[Result "1-0"]
[WhiteElo "1891"]
[BlackElo "1731"]
[TimeControl "180+1"]
[EndTime "9:47:35 PDT"]
[Termination "Uživatel DiscoSTU666 zvítězil matem"]

1. e4 e6 2. d4 d5 3. Nc3 dxe4 4. Nxe4 Nf6 5. Bg5 Be7 6. Nxf6+ Bxf6 7. Bxf6 Qxf6 8.
Nf3 O-O 9. Bd3 b6 10. O-O Bb7 11. Ne5 Qe7 12. c3 Nd7 13. Ng4 Qg5 14. Ne3 c5 15. f4 Qe7 16. Qh5 Nf6 17. Qh4 cxd4 18. Bxh7+ Kh8 19. Be4+ Kg8 20. Bxb7 Qxb7 21. Rf3 dxe3 22.
Rh3 Nh5 23. Qxh5 f5 24. Qh7+ Kf7 25. Rg3 Rg8 26. Qg6+ Ke7 27. Rxe3 Kf8 28. Rae1 Re8 29. Rxe6 Rxe6 30. Qxe6 g6 31. Rd1 Qc7 32. Qf6+ Ke8 33. Re1+ Kd7 34. Re7+ Kc8 35. Rxc7+ Kxc7 36. Qf7+ Kc6 37.
Qxg8 Kb5 38. Qxg6 a5 39. Qxf5+ Ka6 40. Qd3+ Kb7 41. f5 Ka7 42. f6 a4 43. f7 Kb7 44.
f8=Q b5 45. Qf6 Ka7 46. Qd7+ Kb8 47. Qf8# 1-0

[Event "Betsys MČR v online bleskovém šachu 2021"]
[Site "Chess.com"]
[Date "2021.04.17"]
[Round "5"]
[White "Terilka"]
[Black "sachmaty8"]
[Result "0-1"]
[WhiteElo "1514"]
[BlackElo "1828"]
[TimeControl "180+1"]
[EndTime "9:47:36 PDT"]
[Termination "Uživatel sachmaty8 zvítězil na čas"]

1. d4 Nf6 2. Nf3 e6 3. e3 c5 4. Bd3 Nc6 5. c4 Be7 6. Nc3 O-O 7.
O-O cxd4 8. exd4 d5 9. cxd5 Nxd5 10. Nxd5 Qxd5 11. Bf4 Bf6 12. Be3 b6 13. Rc1 Bb7 14.
Bc4 Qd6 15. Qd2 Rfd8 16. Rfd1 h6 17. Bf4 Qd7 18. Be3 Rac8 19. Bb5 Qe7 20. Qe2 Nb4 21. Rxc8 Rxc8 22. a3 Nd5 23. Rc1 Rxc1+ 24. Bxc1 Qc7 25.
Bd2 Nf4 26. Bxf4 Qxf4 27. Qc4 Bxf3 28. gxf3 Qxf3 29. Qc8+ Kh7 30. Qc2+ g6 31. Be2 Qd5 32. Qc7 Kg7 33. Bc4 Qe4 34. Qd7 Qg4+ 35. Kf1 Qxd4 36. Qc7 Qe5 0-1